Map: Avalon Labs

Players

JohnMcClane

  • Race: Protoss Protoss

Hindulaatti

  • Race: Protoss Protoss

JackONeill

  • Race: Zerg Zerg

Groogns

  • Race: Terran Terran

ShaGGy

  • Race: Protoss Protoss
  • League: Diamond

SpookyJudas

  • Race: Terran Terran

VOD

Have the link to the VOD?

Description

Time

  • Played on: Feb. 1, 2016, 3:37 p.m.
  • Length: 12:13
Show
View Real Time Build Order
Export as new Build Order

JohnMcClane Protoss 

Build Orders: Cannon Rush 

Get SALT Encoding   

  12  0:01  Probe (Chrono Boost)  
  13  0:11  Probe (Chrono Boost)  
  14  0:22  Probe (Chrono Boost)  
  14  0:26  Pylon  
  15  0:44  Probe (Chrono Boost)  
  15  0:45  Forge  
  17  0:57  Probe (Chrono Boost)  
  17  1:07  Probe (Chrono Boost)  
  18  1:11  Pylon  
  18  1:22  Probe (Chrono Boost)  
  19  1:25  Gateway  
  19  1:32  Photon Cannon  
  19  1:34  Photon Cannon  
  19  1:35  Photon Cannon  
  19  1:43  Pylon  
  19  1:54  Photon Cannon  
  19  1:55  Photon Cannon  
  18  2:05  Probe (Chrono Boost)  
  19  2:09  Gateway  
  19  2:22  Assimilator  
  19  2:29  Photon Cannon  
  19  2:51  Pylon  
  19  2:53  Assimilator  
  19  3:02  Cybernetics Core  
  19  3:06  Pylon  
  19  3:13  Probe (Chrono Boost)  
  19  3:16  Gateway  
  20  3:24  Probe (Chrono Boost)  
  21  3:32  Gateway  
  21  3:39  Twilight Council  
  23  3:41  Mothership Core (Chrono Boost)  
  23  3:53  Pylon  
  23  3:59  Probe (Chrono Boost)  
  23  4:02  Warp Gate (Chrono Boost)  
  24  4:11  Probe  
  25  4:22  Blink (Chrono Boost)  
  25  4:23  Pylon  
  25  4:33  Gateway  
  25  4:44  Gateway  
  25  5:37  Probe  
  26  5:49  Probe  
  27  5:55  Stalker x5  
  27  6:20  Stalker x3  
  27  6:21  Stalker x2  
  37  6:46  Stalker x3  
  33  6:55  Stalker  
  35  7:15  Zealot x3  
  35  7:19  Stalker x2  
  43  7:39  Stalker x2  
  47  7:45  Nexus  
  45  8:11  Stalker x2  
  47  8:21  Pylon  
  43  8:49  Stalker  
  43  8:50  Stalker x2  
  47  9:13  Probe  
  47  9:14  Gateway  
  47  9:15  Probe  
  49  9:22  Assimilator  
  49  9:24  Probe  
  49  9:27  Probe  
  51  9:36  Stalker x2  
  55  9:43  Probe  
  55  9:44  Probe  
  57  10:01  Stalker  
  57  10:02  Stalker x2  
  63  10:11  Probe  
  64  10:15  Assimilator  
  64  10:18  Pylon  
  64  10:28  Stalker x2  
  40  11:30  Stalker x4  
  40  11:31  Stalker  
  50  11:55  Stalker x5  
Show
View Real Time Build Order
Export as new Build Order

Hindulaatti Protoss 

Build Orders:  

Get SALT Encoding   

  12  0:02  Probe (Chrono Boost)  
  13  0:12  Probe (Chrono Boost)  
  14  0:17  Pylon  
  14  0:24  Probe (Chrono Boost)  
  15  0:36  Gateway  
  15  0:40  Probe (Chrono Boost)  
  16  0:50  Assimilator  
  16  0:52  Probe (Chrono Boost)  
  17  1:02  Probe (Chrono Boost)  
  18  1:13  Probe (Chrono Boost)  
  19  1:29  Cybernetics Core  
  19  1:30  Pylon  
  19  1:32  Probe (Chrono Boost)  
  20  1:50  Probe (Chrono Boost)  
  21  1:55  Gateway  
  21  1:56  Gateway  
  21  2:00  Probe (Chrono Boost)  
  22  2:05  Warp Gate  
  22  2:06  Stalker  
  24  2:11  Probe (Chrono Boost)  
  25  2:23  Pylon  
  25  2:27  Gateway  
  25  2:36  Stalker  
  26  2:49  Stalker  
  26  2:50  Stalker  
  29  2:57  Gateway  
  29  2:58  Assimilator  
  29  3:10  Stalker  
  31  3:26  Stalker  
  33  3:36  Stalker  
  33  3:40  Probe (Chrono Boost)  
  36  3:45  Pylon, Stalker  
  38  4:00  Pylon  
  36  4:32  Mothership Core (Chrono Boost)  
  38  4:42  Nexus  
  38  4:45  Pylon  
  38  4:50  Probe (Chrono Boost)  
  38  4:52  Stalker x2  
  41  5:05  Stalker  
  41  5:14  Pylon  
  41  5:22  Stalker  
  41  5:25  Pylon  
  43  5:41  Stalker x2  
  38  5:50  Probe (Chrono Boost)  
  34  6:01  Stalker x2  
  35  6:04  Probe x2 (Chrono Boost)  
  36  6:12  Stalker  
  38  6:23  Stalker  
  40  6:38  Stalker  
  40  6:39  Stalker  
  44  6:40  Stalker  
  44  6:44  Probe x2 (Chrono Boost)  
  48  6:53  Stalker  
  46  7:06  Stalker x2  
  44  7:10  Probe x2 (Chrono Boost)  
  46  7:19  Stalker  
  44  7:39  Stalker x3  
  50  7:46  Probe (Chrono Boost)  
  50  7:47  Probe (Chrono Boost)  
  48  8:00  Stalker x2  
  44  8:09  Probe (Chrono Boost)  
  44  8:10  Probe (Chrono Boost)  
  46  8:13  Stalker x3  
  52  8:36  Twilight Council  
  52  8:39  Stalker  
  54  8:42  Nexus  
  54  8:46  Probe x2 (Chrono Boost)  
  56  8:49  Stalker  
  56  8:52  Stalker  
  60  9:02  Stalker x2  
  64  9:05  Probe (Chrono Boost)  
  64  9:06  Probe (Chrono Boost)  
  66  9:13  Stalker  
  66  9:15  Stalker  
  70  9:23  Pylon  
  70  9:25  Pylon  
  70  9:29  Stalker  
  72  9:42  Stalker x3  
  78  9:59  Stalker x2  
  82  10:03  Probe (Chrono Boost)  
  82  10:04  Probe x2 (Chrono Boost)  
  82  10:06  Assimilator  
  85  10:10  Assimilator  
  85  10:12  Assimilator  
  85  10:13  Assimilator  
  86  10:14  Probe x2 (Chrono Boost)  
  87  10:34  Pylon  
  69  11:00  Stalker x3  
  67  11:07  Stalker  
  68  11:14  Gateway  
  68  11:17  Gateway  
  68  11:21  Probe x3 (Chrono Boost)  
  68  11:23  Gateway  
  71  11:30  Gateway  
  71  11:31  Probe (Chrono Boost)  
  71  11:32  Probe (Chrono Boost), Gateway, Stalker x3  
  79  11:37  Gateway  
  60  11:57  Stalker x4  
  46  12:10  Stalker  
Show
View Real Time Build Order
Export as new Build Order

JackONeill Zerg 

Build Orders: Hatch First 

Get SALT Encoding   

  12  0:01  Drone  
  13  0:08  Drone  
  14  0:16  Overlord  
  14  0:23  Drone, Extractor  
  15  0:35  Drone  
  15  0:36  Drone  
  17  0:58  Hatchery  
  16  1:06  Extractor  
  16  1:09  Spawning Pool  
  14  1:12  Drone  
  14  1:15  Drone  
  16  1:19  Drone  
  16  1:24  Drone  
  18  1:37  Overlord  
  18  1:56  Queen  
  18  1:57  Zergling x4  
  22  2:05  Metabolic Boost  
  22  2:08  Zergling x2  
  23  2:10  Queen  
  23  2:14  Zergling x2  
  26  2:21  Overlord  
  26  2:24  Drone  
  27  2:37  Drone x2  
  27  2:42  Baneling Nest  
  27  2:43  Zergling x2  
  29  2:44  Zergling x2  
  30  2:53  Zergling x2  
  30  2:55  Overlord  
  31  3:00  Drone  
  32  3:12  Zergling x4  
  33  3:15  Zergling x6  
  36  3:23  Overlord  
  35  3:42  Zergling x2  
  35  3:43  Zergling x10  
  41  3:57  Overlord, Extractor  
  41  3:58  Drone x2  
  41  3:59  Drone  
  43  4:05  Spore Crawler  
  43  4:07  Zergling x6  
  45  4:13  Baneling x4  
  45  4:14  Baneling  
  45  4:22  Zergling x2  
  45  4:23  Zergling x2  
  47  4:32  Zergling x4  
  47  4:33  Zergling x4  
  51  4:43  Zergling x4  
  51  4:44  Zergling x2  
  54  4:47  Drone  
  54  4:49  Drone  
  56  5:05  Baneling x3  
  56  5:06  Baneling x7  
  56  5:07  Baneling  
  56  5:08  Baneling  
  56  5:09  Baneling  
  56  5:11  Baneling  
  56  5:13  Baneling x2  
  56  5:14  Baneling  
  56  5:19  Drone x2  
  56  5:20  Drone x2  
  33  5:37  Zergling x2  
  33  5:38  Zergling x12  
  39  5:54  Zergling x10  
  39  5:55  Zergling x4  
  46  6:15  Zergling x4  
  46  6:17  Hatchery  
  47  6:24  Zergling x2  
  47  6:25  Zergling x6  
  48  6:37  Zergling x6  
  48  6:38  Zergling x6  
  48  7:12  Zergling x10  
  48  7:13  Zergling x2  
  43  7:33  Queen  
  43  7:34  Drone x2  
  43  7:35  Drone x3  
  43  7:37  Queen  
  45  7:41  Drone  
  47  7:44  Lair  
  47  7:47  Evolution Chamber  
  47  7:48  Evolution Chamber  
  47  7:49  Drone x2  
  47  7:51  Extractor  
  47  7:53  Extractor  
  45  8:00  Drone x3  
  45  8:04  Overlord  
  48  8:07  Drone x2  
  48  8:08  Spore Crawler  
  48  8:11  Drone  
  48  8:12  Drone  
  51  8:20  Zerg Melee Weapons Level 1  
  51  8:22  Zerg Ground Armor Level 1  
  51  8:27  Drone x2  
  51  8:33  Drone x3  
  56  8:34  Drone  
  56  8:35  Drone  
  56  8:37  Drone  
  59  8:41  Overseer  
  59  8:54  Zergling x10  
  59  8:55  Zergling x4, Overlord  
  66  9:01  Infestation Pit  
  64  9:10  Drone x2  
  64  9:12  Extractor  
  64  9:14  Extractor  
  64  9:28  Drone x3  
  64  9:29  Drone x3  
  70  9:36  Drone x3  
  70  9:37  Drone x2  
  75  9:41  Zergling x8  
  73  9:59  Hatchery  
  71  10:10  Centrifical Hooks  
  71  10:13  Overlord x4  
  71  10:22  Hive  
  71  10:33  Drone x3  
  74  11:01  Drone  
  74  11:02  Drone x2  
  76  11:11  Overlord  
  76  11:12  Overlord x2  
  73  11:26  Spine Crawler  
  64  12:06  Ultralisk Cavern  
Show
View Real Time Build Order
Export as new Build Order

Groogns Terran 

Build Orders:  

Get SALT Encoding   

  12  0:01  SCV  
  13  0:13  SCV  
  14  0:19  Supply Depot  
  14  0:25  SCV  
  15  0:41  SCV  
  16  0:45  Barracks  
  16  0:46  Refinery  
  16  0:53  SCV  
  17  1:06  Barracks  
  17  1:10  SCV  
  18  1:22  SCV  
  18  1:23  Barracks  
  19  1:33  Reaper  
  20  2:00  Reaper  
  21  2:03  Refinery  
  20  2:13  Reaper  
  21  2:16  SCV  
  22  2:30  Orbital Command  
  22  2:41  Reaper  
  23  2:56  Barracks Tech Lab  
  23  3:01  Reaper  
  24  3:13  Reaper  
  24  3:17  Reaper  
  26  3:28  Supply Depot  
  24  3:42  Reaper  
  24  3:45  Reaper  
  26  3:51  SCV  
  26  3:54  Command Center  
  26  3:58  Reaper  
  27  4:03  SCV  
  28  4:23  SCV  
  31  4:29  Engineering Bay  
  29  4:31  Marine x2  
  29  4:32  Marine  
  29  4:35  SCV  
  32  4:52  Marine x3  
  35  4:55  Terran Infantry Weapons Level 1  
  35  4:59  Factory  
  35  5:13  Marine x3  
  38  5:17  SCV  
  39  5:29  SCV  
  29  6:09  Factory Reactor  
  29  6:12  SCV, Barracks x2  
  29  6:13  Barracks  
  29  6:15  Orbital Command, Starport  
  30  6:24  SCV  
  27  6:46  Barracks Reactor  
  27  6:50  SCV x2  
  29  7:00  Combat Shields  
  29  7:01  Barracks Tech Lab  
  29  7:02  SCV x2  
  29  7:03  Barracks Reactor  
  29  7:05  Terran Infantry Armor Level 1  
  31  7:14  SCV x2  
  33  7:18  Command Center  
  33  7:20  Medivac  
  35  7:23  Medivac  
  36  7:41  Marauder x2  
  36  7:42  Marine x4  
  44  7:44  Stimpack  
  44  7:47  SCV x2  
  45  7:59  Marine  
  45  8:04  Marine  
  45  8:05  Marine x4  
  51  8:10  SCV x2  
  51  8:11  Missile Turret  
  53  8:15  Missile Turret  
  53  8:17  Marine  
  53  8:19  Concussive Shells  
  54  8:22  Missile Turret  
  54  8:30  Marine x2, SCV x2  
  54  8:32  Marauder, Marine x2  
  62  8:51  SCV x2  
  64  8:56  Marine x5, Armory  
  64  9:01  Refinery  
  69  9:04  Medivac x2, Marine  
  73  9:14  Marine  
  74  9:59  Marine x5  
  66  10:00  Medivac x2  
  72  10:16  Refinery  
  72  10:21  Marine x4  
  72  10:22  Marine  
  72  10:24  Barracks x2  
  77  10:50  Medivac  
  77  10:56  Marauder x2, Marine x3  
  77  10:57  Marine  
  67  11:08  Planetary Fortress  
  67  11:10  SCV x2  
  69  11:14  Marine x2  
  69  11:18  Barracks Reactor x2  
  71  11:22  SCV x2  
  73  11:31  Marauder x2  
  77  11:37  Supply Depot x2  
  77  11:39  Supply Depot  
  77  11:52  Marine  
  77  11:53  Marine  
Show
View Real Time Build Order
Export as new Build Order

ShaGGy Protoss 

Build Orders: Blink Stalkers 

Get SALT Encoding   

  12  0:01  Probe (Chrono Boost)  
  13  0:12  Probe (Chrono Boost)  
  14  0:20  Pylon  
  14  0:23  Probe (Chrono Boost)  
  15  0:38  Probe (Chrono Boost)  
  15  0:40  Gateway  
  16  0:45  Assimilator  
  16  0:48  Probe (Chrono Boost)  
  17  0:58  Pylon  
  17  0:59  Probe (Chrono Boost)  
  18  1:06  Assimilator  
  18  1:10  Probe (Chrono Boost)  
  19  1:21  Probe (Chrono Boost)  
  20  1:27  Cybernetics Core  
  20  1:32  Probe (Chrono Boost)  
  21  1:39  Zealot (Chrono Boost)  
  23  2:04  Mothership Core  
  23  2:05  Warp Gate  
  25  2:12  Adept (Chrono Boost)  
  27  2:25  Probe  
  28  2:35  Adept (Chrono Boost)  
  30  2:38  Probe  
  30  2:42  Nexus  
  31  2:54  Pylon  
  31  3:12  Probe  
  34  3:13  Adept (Chrono Boost)  
  34  3:15  Pylon  
  34  3:18  Twilight Council  
  34  3:26  Probe (Chrono Boost)  
  35  3:31  Gateway  
  35  3:38  Probe (Chrono Boost)  
  35  3:40  Adept  
  38  3:47  Pylon  
  38  3:51  Probe (Chrono Boost)  
  39  3:58  Blink (Chrono Boost)  
  39  4:01  Probe  
  40  4:06  Probe  
  43  4:27  Gateway  
  41  4:32  Stalker  
  41  4:33  Probe  
  41  4:35  Probe  
  41  4:38  Stalker  
  47  4:53  Gateway  
  47  4:55  Gateway  
  47  4:56  Stalker  
  49  5:04  Stalker  
  49  5:05  Probe  
  49  5:07  Probe  
  53  5:10  Pylon  
  53  5:17  Forge  
  53  5:21  Stalker  
  55  5:22  Probe  
  55  5:23  Probe  
  57  5:32  Stalker  
  57  5:33  Stalker  
  53  5:41  Probe  
  51  5:43  Probe  
  51  5:44  Assimilator  
  51  5:46  Assimilator  
  51  5:49  Stalker  
  55  5:52  Probe, Protoss Ground Weapons Level 1 (Chrono Boost)  
  56  6:16  Stalker x3  
  56  6:17  Stalker x2  
  66  6:26  Probe  
  66  6:28  Probe  
  64  6:45  Stalker x3  
  64  6:46  Stalker x2  
  64  7:08  Probe  
  64  7:10  Probe  
  64  7:12  Stalker  
  64  7:13  Stalker x4  
  76  7:19  Pylon  
  76  7:22  Probe, Templar Archives  
  77  7:25  Pylon  
  77  7:32  Protoss Ground Weapons Level 2 (Chrono Boost)  
  77  7:40  Stalker  
  77  7:41  Stalker x2  
  77  7:43  Probe  
  80  8:08  Stalker x3  
  80  8:09  Stalker x2  
  90  8:23  Psionic Storm  
  90  8:34  Stalker x2  
  94  9:09  Pylon  
  94  9:11  Nexus  
  94  9:13  Pylon  
  94  9:14  Pylon  
  94  9:15  Pylon  
  94  9:19  Pylon  
  94  9:22  Pylon  
  94  9:25  Assimilator  
  94  9:29  Assimilator  
  94  9:30  Protoss Ground Weapons Level 3  
  94  9:32  Pylon  
  94  9:33  Gateway  
  94  9:35  High Templar x5, Gateway  
  104  10:13  Photon Cannon  
  104  10:17  High Templar x2  
  104  10:21  Archon  
  108  10:22  Zealot  
  108  10:23  Zealot x2  
  90  10:59  Stalker x4  
  90  11:00  Stalker  
  92  11:24  Stalker  
  92  11:25  Stalker x4  
  90  11:42  Probe  
  90  11:43  Gateway  
  90  11:44  Gateway, Probe x2  
  89  11:47  Gateway  
  89  11:50  Gateway, Stalker x2  
  89  11:53  High Templar x2  
  97  11:56  High Templar, Probe x2  
  97  11:57  High Templar  
  103  12:07  Archon  
  103  12:08  Archon  
  103  12:09  High Templar  
Show
View Real Time Build Order
Export as new Build Order

SpookyJudas Terran 

Build Orders: Command Center First (CC), Liberator Opening, MMM Bio 

Get SALT Encoding   

  12  0:00  SCV  
  13  0:13  SCV  
  14  0:19  Supply Depot  
  14  0:25  SCV  
  15  0:40  SCV  
  16  0:52  SCV  
  17  1:05  Command Center, SCV  
  18  1:14  Barracks  
  18  1:20  SCV  
  18  1:22  Refinery  
  19  1:32  SCV  
  20  1:44  SCV  
  21  1:54  Supply Depot  
  21  1:56  SCV  
  22  2:05  Barracks  
  22  2:08  Orbital Command  
  22  2:12  Refinery  
  22  2:14  Marine  
  23  2:24  Factory  
  23  2:30  Orbital Command  
  23  2:34  SCV  
  24  2:46  SCV  
  24  2:49  Marine  
  26  3:01  SCV x2  
  28  3:13  Starport, SCV x2  
  28  3:14  Barracks Tech Lab x2  
  30  3:25  SCV x2  
  32  3:34  Refinery, Stimpack  
  32  3:35  Combat Shields  
  32  3:36  Refinery, Marine  
  32  3:37  Marine, SCV x2  
  36  3:45  Liberator  
  36  3:49  SCV x2  
  38  3:59  Marine x2  
  38  4:01  SCV x2  
  45  4:13  SCV  
  46  4:27  Command Center  
  46  4:28  Supply Depot x2  
  46  4:32  Liberator  
  46  4:35  Factory Reactor  
  46  4:40  Engineering Bay  
  46  4:41  Engineering Bay  
  46  4:49  SCV x2  
  51  5:01  SCV x2  
  50  5:07  Terran Infantry Weapons Level 1  
  50  5:08  Terran Infantry Armor Level 1  
  50  5:13  Supply Depot, SCV x2  
  52  5:16  Marauder x2, Supply Depot  
  56  5:27  SCV x2  
  58  5:28  Barracks  
  58  5:29  Barracks  
  58  5:31  Barracks  
  58  5:38  Liberator x2  
  58  5:48  Orbital Command  
  58  5:51  SCV  
  58  5:53  Concussive Shells  
  58  5:54  Armory  
  58  5:55  Marauder x2  
  69  5:58  SCV  
  69  6:02  Supply Depot  
  69  6:03  SCV  
  71  6:15  Factory Reactor, SCV  
  72  6:19  Starport  
  72  6:21  Orbital Command, Liberator x2  
  72  6:24  Supply Depot  
  72  6:28  SCV x2  
  80  6:40  SCV  
  81  6:47  Supply Depot  
  81  6:50  SCV x2  
  83  6:56  Refinery, SCV  
  83  6:58  Refinery  
  83  7:01  Supply Depot  
  83  7:02  SCV  
  83  7:03  Supply Depot  
  76  7:35  Liberator x3  
  63  7:39  Barracks Reactor x3  
  63  7:41  Marauder x2  
  67  7:44  Terran Infantry Weapons Level 2  
  67  7:45  Terran Infantry Armor Level 2  
  67  7:48  SCV x2  
  67  7:49  Supply Depot  
  75  8:00  SCV  
  76  8:18  Liberator x2  
  76  8:19  Refinery  
  76  8:21  Orbital Command  
  76  8:27  Marine x4  
  76  8:28  Marine x3  
  83  8:41  SCV x2  
  91  8:52  Medivac x2  
  91  8:53  SCV  
  96  8:57  SCV x2  
  98  9:05  SCV  
  98  9:08  Supply Depot  
  98  9:09  SCV x2  
  101  9:11  Marine x6  
  101  9:12  Marauder  
  101  9:13  Marauder  
  111  9:17  SCV  
  111  9:21  SCV x2, Barracks  
  111  9:23  Barracks x2  
  114  9:25  Barracks  
  114  9:29  Command Center  
  114  9:32  Supply Depot  
  114  9:33  Marine x3  
  114  9:34  Marine x3  
  114  9:35  Marauder x2  
  114  9:38  SCV x2  
  126  9:47  Liberator x4  
  126  9:48  SCV  
  126  9:50  SCV  
  126  9:52  Marine x5  
  131  9:53  Marine  
  131  9:56  Marauder x2  
  150  10:07  Supply Depot  
  150  10:10  Supply Depot  
  150  10:16  Marine  
  150  10:17  Marine x5  
  150  10:20  Barracks Reactor x2  
  156  10:21  Barracks Reactor  
  156  10:23  Barracks Reactor  
  156  10:26  SCV  
  157  10:28  SCV  
  157  10:30  Liberator, Supply Depot  
  157  10:32  Supply Depot  
  158  10:41  Planetary Fortress  
  161  10:53  Medivac  
  161  10:54  Medivac x2  
  161  10:55  Refinery  
  167  10:58  Refinery  
  167  11:14  Command Center  
  167  11:23  Medivac x2, Marine  
  167  11:24  Marauder x2, Marine x7  
  167  11:25  Marine  
  184  11:46  Marauder x2  
  188  11:52  Marine x4  
  188  11:53  Marine x5  
Tags
 
Add a new tag
Caveats
  • Supply blocks, unpowered buildings, or Contaminate may cause inaccurate times.
  • Supply counts are checked every 10 seconds.